 Dungeon Crawl Stone Soup version 0.32-a0-30-gefbe487952 (webtiles) character file.

Game seed: 15392153274529424702

134 PriceMaster the Firebug (level 5, -2/31 HPs)
             Began as an Octopode Fire Elementalist on Jan 20, 2024.
             Slain by a gnoll
             ... wielding a +0 flail
              (5 damage)
             ... on level 3 of the Dungeon.
             The game lasted 00:04:19 (2331 turns).

PriceMaster the Firebug (OpFE)                      Turns: 2331, Time: 00:04:19

Health: -2/31      AC:  1    Str:  7 (8)  XL:     5   Next: 17%
Magic:  1/9        EV: 13    Int: 17 (19) God:
Gold:   42         SH:  0    Dex: 11 (12) Spells: 7/10 levels left

rFire   . . .        (no weapon)
rCold   . . .        (no shield)
rNeg    . . .        (helmet restricted)
rPois   .            (no amulet)
rElec   .            (no ring)
rCorr   .            (no ring)
SInv    .            (no ring)
Will    .....        (no ring)
Stlth   +++          (no ring)
HPRegen 0.25/turn    (no ring)
MPRegen 0.11/turn    (no ring)
                     (no ring)

%: no passive effects
@: no status effects
A: almost no armour, amphibious, 8 rings, camouflage 1, gelatinous body 1,
(nimble swimmer 1), tentacles
a: no special abilities


You were on level 3 of the Dungeon.
You visited 1 branch of the dungeon, and saw 3 of its levels.

You collected 42 gold pieces.

Inventory:

Jewellery
 g - a +6 ring of strength
Scrolls
 b - a scroll of noise
 d - a scroll of vulnerability {unknown}
 e - 3 scrolls of identify {unknown}
 f - a scroll of blinking {unknown}


   Skills:
 + Level 0.2 Fighting
 + Level 2.9 Dodging
 + Level 3.0 Stealth
 + Level 0.2 Unarmed Combat
 + Level 3.3 Spellcasting
 + Level 1.7 Conjurations
 + Level 3.7 Fire Magic


You had 7 spell levels left.
You knew the following spells:

 Your Spells              Type           Power      Damage    Failure   Level
a - Foxfire               Conj/Fire      48%        2x1d6     5%          1
b - Scorch                Fire           30%        2d6       5%          2

Your spell library contained the following spells:

 Spells                   Type           Power      Damage    Failure   Level
 Inner Flame              Hex/Fire       9%         N/A       24%         3
 Volatile Blastmotes      Fire/Tloc      18%        2d11      24%         3
 Flame Wave               Conj/Fire      12%        2d6       47%         4
 Sticky Flame             Fire/Alch      9%         2d5       61%         4


Dungeon Overview and Level Annotations

Branches:
Dungeon (3/15)

Altars:


Innate Abilities, Weirdness & Mutations

You cannot wear most types of armour.
You are amphibious.
You can wear up to eight rings at the same time.
Your skin changes colour to match your surroundings (Stealth+).
Your rubbery body absorbs attacks. (AC +1, EV +1)
((You are camouflaged when in or above water. (Stealth+)))
You have tentacles for arms and can constrict up to eight enemies at once.


Message History

Casting: Foxfire (safe; 4% risk of failure)
Confirm with . or Enter, or press ? or * to list all spells.
You conjure some foxfire!
The foxfire hits the gnoll.
The gnoll is severely wounded.
The foxfire hits the gnoll.
The gnoll is severely wounded.
Casting: Foxfire (safe; 4% risk of failure)
Confirm with . or Enter, or press ? or * to list all spells.
You don't have enough magic to cast this spell.
It was a potion of degeneration.
There was something very wrong with that liquid.
You feel weakened.
You feel dopey.
You feel clumsy.
The foxfire hits the gnoll.
You kill the gnoll!
The foxfire hits the gnoll.
The gnoll is lightly wounded.
The gnoll throws a throwing net.
The throwing net hits you.
You become entangled in the net!
A hobgoblin comes into view. It is wielding a +0 sling.
It was a potion of cancellation.
You feel magically purged.
The hobgoblin shouts!
You tear a large gash into the net.
The gnoll hits you with a +0 whip.
You struggle against the net.
The gnoll barely misses you.
You struggle against the net.
The gnoll barely misses you.
You struggle against the net.
The gnoll hits you with a +0 whip! The gnoll barely misses you.
You rip the net and break free!
The gnoll hits you with a +0 flail! The gnoll hits you with a +0 whip.
* * * LOW HITPOINT WARNING * * *
The gnoll attacks as it pursues you! The gnoll closely misses you.
The gnoll attacks as it pursues you! The gnoll barely misses you.
As you read the scroll labelled AWIKHLO OHEY, it crumbles to dust.
You hear a loud clanging noise!
It was a scroll of noise.
You hear a shout!
A bat comes into view.
The hobgoblin unwields a +0 sling.
The hobgoblin hits you.
* * * LOW HITPOINT WARNING * * *
The gnoll hits you with a +0 flail.
You die...

#########
##.......#
.........#
#.....<.##
##...##@..##
#.....ggg..#
............#
.b...))..†..#
............#
#.....[....##
##...#....##
###...####
#.##


You could see 2 gnolls, a hobgoblin and a bat (wandering).

Vanquished Creatures
  6 gnolls
  An adder (D:3)
  2 ribbon worms (D:2)
  A dart slug (D:1)
  6 endoplasms
  A giant cockroach (D:1)
  8 goblins
  5 hobgoblins
  5 jackals
  A kobold (D:2)
  5 quokkas
  5 ball pythons
  6 bats
  2 frilled lizards (D:1)
  2 rats
56 creatures vanquished.

Vanquished Creatures (others)
  124 foxfires
124 creatures vanquished.

Grand Total: 180 creatures vanquished

Notes
Turn   | Place    | Note
-------+----------+-------------------------------------------
     0 | D:1      | PriceMaster the Octopode Fire Elementalist began the quest
                  | for the Orb.
     0 | D:1      | Reached XP level 1. HP: 11/11 MP: 3/3
   282 | D:1      | Reached XP level 2. HP: 17/17 MP: 1/5
   369 | D:1      | Learned a level 2 spell: Scorch
   794 | D:1      | Reached XP level 3. HP: 21/21 MP: 3/6
  1063 | D:1      | Reached XP level 4. HP: 10/27 MP: 0/7
  2320 | D:3      | Reached XP level 5. HP: 31/31 MP: 2/9
  2331 | D:3      | Slain by a gnoll

Illustrated notes

Levels and vault maps discovered:
D:1:      wander_arrival_desolate, layout_basic
D:2:      layout_loops_ring, minmay_increasing_density
D:3:      layout_rooms, nicolae_overflow_hidden_temple, basic_ecumenical_altar,
          gammafunk_ghost_arena, uniq_robin

Skill      XL: |  1  2  3  4 |
---------------+-------------+-----
Stealth        | 3 |  3.0
Spellcasting   | 3 |  3.3
Fighting       | |  0.2
Dodging        | |  2.9
Unarmed Combat | |  0.2
Conjurations   | |  1.7
Fire Magic     | |  3.7

Action                     |  1- 3 |  4- 6 || total
---------------------------+-------+-------++-------
  Melee: Unarmed           |    23 |    26 ||    49
         Constrict         |     3 |    10 ||    13
         Tentacles         |     3 |     8 ||    11
   Cast: Foxfire           |    35 |    49 ||    84
         Scorch            |     7 |     5 ||    12
    Use: Potion            |     1 |     2 ||     3
         Scroll            |       |     1 ||     1
   Stab: Sleeping          |     2 |       ||     2
 Armour: Skin              |    23 |    21 ||    44
  Dodge: Dodged            |    29 |    23 ||    52

Table legend: (Time is in decaauts)
 A = Elapsed time spent in this place.
 B = Non-inter-level travel time spent in this place.
 C = Inter-level travel time spent in this place.
 D = Time resting spent in this place.
 E = Time spent auto-exploring this place.
 F = Levels seen in this place.
 G = Mean time per level.
                   A        B        C        D        E       F      G
               +--------+--------+--------+--------+--------+-----+--------+
         Total |   2331 |   2241 |     90 |    221 |   1638 |   3 |  777.0 |
       Dungeon |   2331 |   2241 |     90 |    221 |   1638 |   3 |  777.0 |
               +--------+--------+--------+--------+--------+-----+--------+

Top non-repeatable levels by time:
     D:1: 1205 daAuts
     D:2: 1106 daAuts
     D:3: 19 daAuts
